cohdb
Replays
Latest Replays
All Replays
Popular Replays
Top Player Replays
Match Explorer
How It Works
Community
CoH3 Stats
Reddit
Sign in to upload your games and track your stats! →
Sign in with Steam
Match 42490367
Unlisted
Match 42490367
Overview
Messages
Build Orders
End
Construct Infanterie Kompanie
Selects Terror Battlegroup
MG 42 Machine Gun Team
Grenadier Squad
Selects Machine Gun Camouflage
Grenadier Squad
Grenadier Squad
Infanterie Officer Quarters
Selects Interrogate
GrW 34 Mortar Team
Grenadier Squad
Construct Panzergrenadier Kompanie
Pak 40 Anti-tank Gun Team
Selects Jericho Trumpet
Construct Panzer Kompanie
Jericho Trumpet
Stoßtruppen Squad
Panzer Officer Quarters
Jericho Trumpet
Stoßtruppen Squad
Panzer IV Medium Tank
Jericho Trumpet
Selects No Quarter
Panzer IV Medium Tank
Selects King Tiger Heavy Tank
King Tiger Heavy Tank
Side Skirts
Pioneer Squad
Selects V1 Rocket Strike
V1 Rocket Strike
Phan
Dark Angels
SoldMyDad
majintal excumuration
Walther
JZuna
RPZWolf
Zoro
0
0
Comments
sign in to comment!
No comments posted yet!